 Dungeon Crawl Stone Soup version 0.30.0-10-gfe55d96785 (webtiles) character file.

Game seed: 6895468823719070505

547 GigaChad the Shield-Bearer (level 7, -10/55 HPs)
             Began as a Formicid Fighter on May 16, 2023.
             Mangled by Edmund
             ... wielding a +0 flail of protection
              (11 damage)
             ... on level 5 of the Dungeon.
             The game lasted 00:03:41 (3305 turns).

GigaChad the Shield-Bearer (Formicid Fighter)       Turns: 3305, Time: 00:03:41

Health: -10/55     AC:  9    Str: 23    XL:     7   Next: 53%
Magic:  7/7        EV:  8    Int:  7    God:
Gold:   197        SH:  6    Dex: 19    Spells: 6/6 levels left

rFire   . . .        a - +0 war axe
rCold   . . .        c - +0 buckler
rNeg    . . .        n - +0 chain mail
rPois   .            (helmet unavailable)
rElec   .            (no cloak)
rCorr   .            (no gloves)
SInv    +            (no boots)
Will    .....        (no amulet) Stlth
                     h - +6 ring of dexterity
HPRegen 0.29/turn    (no ring)
MPRegen 0.10/turn

%: no passive effects
@: lethally poisoned (-10 -> -13)
A: permanent stasis, dig shafts and tunnels, antennae 3, four strong arms
a: Dig, Shaft Self


You were on level 5 of the Dungeon.
You visited 1 branch of the dungeon, and saw 5 of its levels.

You collected 197 gold pieces.

Inventory:

Hand Weapons
 a - a +0 war axe (weapon)
Armour
 b - a +0 scale mail
 c - a +0 buckler (worn)
 n - a +0 chain mail (worn)
Jewellery
 f - a ring of fire
 h - a +6 ring of dexterity (left hand)
 r - a ring of flight
 s - a ring of wizardry
 A - a ring of willpower
Wands
 q - a wand of paralysis (2)
 B - a wand of iceblast (6)
Scrolls
 j - a scroll of fear
 l - 4 scrolls of teleportation
 o - 2 scrolls of fog
 x - a scroll of identify
 y - a scroll of enchant weapon {unknown}
Potions
 d - 2 potions of might
 e - 3 potions of curing
 g - a potion of flight {unknown}
 i - 4 potions of haste
 k - 2 potions of heal wounds
 m - a potion of mutation {unknown}
 p - a potion of brilliance {unknown}
 t - a potion of resistance {unknown}
 v - a potion of attraction {unknown}
 w - 3 potions of magic {unknown}
 z - a potion of lignification {unknown}


   Skills:
 * Level 4.5 Fighting
 * Level 5.3 Axes
 * Level 5.2 Armour
 * Level 5.5 Shields


You had 6 spell levels left.
You didn't know any spells.
Your spell library contained the following spells:

 Spells                   Type           Power      Damage    Failure   Level
 Apportation              Tloc           0%         N/A       97%         1
 Sandblast                Erth           0%         2d4       97%         1
 Passwall                 Tmut/Erth      0%         N/A       99%         2
 Stone Arrow              Conj/Erth      0%         3d7       100%        3
 Animate Armour           Summ/Erth      0%         N/A       100%        4
 Alistair's Intoxication  Tmut/Pois      0%         N/A       100%        5
 Lehudib's Crystal Spear  Conj/Erth      0%         10d2      100%        8


Dungeon Overview and Level Annotations

Branches:
Dungeon (5/15)
 Temple: D:4-7

Altars:
Cheibriados
Uskayaw
Wu Jian
Xom

Shops:
D:3 [?=

Annotations:
D:3 1 runed translucent door, monsoonserge's ghost, amateur MeFi
D:5 Edmund


Innate Abilities, Weirdness & Mutations

You cannot be hasted, slowed, berserked, paralysed or teleported.
You can dig through walls and to a lower floor.
You have a pair of large antennae on your head. (SInv)
Your four strong arms can wield two-handed weapons with a shield.


Message History

You are too injured to fight recklessly!
You are too injured to fight recklessly!
You are too injured to fight recklessly!
Unknown command.
You are too injured to fight recklessly!
Unknown command.
You are too injured to fight recklessly!
You hit Edmund but do no damage.
Edmund is moderately wounded.
You hit the scorpion.
You feel sick. Edmund hits you but does no damage. The scorpion stings you.
You are more poisoned.
The scorpion poisons you! You block Edmund's attack.
Unknown command.
Unknown command.
You hit Edmund.
Edmund is moderately wounded.
You hit the scorpion.
You feel very sick.
The scorpion stings you but does no damage.
Edmund gestures with his flail.
Edmund hits you with a +0 flail of protection!
* * * LOW HITPOINT WARNING * * *
The scorpion stings you but does no damage.
You slash Edmund!
Edmund is heavily wounded.
You hit the scorpion but do no damage.
* * * LOW HITPOINT WARNING * * *
You feel sick.
Edmund hits you with a +0 flail of protection.
* * * LOW HITPOINT WARNING * * *
You block the scorpion's attack.
You barely miss Edmund.
Edmund is heavily wounded.
You slash the scorpion!
You kill the scorpion!
* * * LOW HITPOINT WARNING * * *
You feel sick.
Edmund hits you with a +0 flail of protection!
You die...

*,,,,,,,,,,,,,,<
#####**##**,****,***
##...###.#**,****,***
#.....?..,{,,,,,,,,,,
#.......,{,,,,,,,,,,,
#......,,,,,,,,,,,,>,
####...(#**##*,********
#...!.@.##..##,********
*#....@....[..,,,,,,,,,
#............>,,,,,,,,
####....#######***,,***+
#.?.....###...###*,,***,
##.....†.........,,,,,,,
#.......<.......,,,,,,,
##..##.#########*+*****
*###*#.#*,,******,,,**
*,,,*...,,,,*,,,,,,,,*


You could see Edmund.

Vanquished Creatures
  Pargi (D:3)
  An ogre (D:4)
  A phantom (D:4)
  A scorpion (D:5)
  A jelly (D:4)
  2 hounds (D:4)
  Ijyb (D:3)
  Terence (D:2)
  An iguana (D:4)
  4 adders
  2 ufetubi
  3 worms
  2 dart slugs
  5 orcs (D:4)
  4 ball pythons
  3 bats
  2 endoplasms
  2 giant cockroaches
  4 goblins (D:1)
  2 hobgoblins
  3 jackals (D:1)
  4 quokkas
  3 frilled lizards
  8 kobolds
  4 rats
65 creatures vanquished.

Notes
Turn   | Place    | Note
-------+----------+-------------------------------------------
     0 | D:1      | GigaChad the Formicid Fighter began the quest for the Orb.
     0 | D:1      | Reached XP level 1. HP: 18/18 MP: 1/1
     6 | D:1      | Noticed a salamander
     7 | D:1      | Noticed a polar bear
     7 | D:1      | Noticed a lindwurm
   367 | D:1      | Reached XP level 2. HP: 22/24 MP: 2/2
   874 | D:2      | Reached XP level 3. HP: 27/29 MP: 3/3
  1214 | D:2      | Found an ornate altar of the Wu Jian Council.
  1332 | D:2      | Noticed Terence
  1341 | D:2      | Killed Terence
  1342 | D:2      | Reached XP level 4. HP: 35/37 MP: 4/4
  1541 | D:3      | Found Vumpiuwn's Armour Emporium.
  1548 | D:3      | Found Anahyss's Jewellery Shop.
  1560 | D:3      | Noticed Ijyb
  1569 | D:3      | Killed Ijyb
  1570 | D:3      | Reached XP level 5. HP: 42/42 MP: 5/5
  1622 | D:3      | Noticed monsoonserge's ghost (amateur MeFi)
  1625 | D:3      | Found a runed translucent door.
  1756 | D:3      | Found Yrriesch's Magic Scroll Boutique.
  1838 | D:3      | Noticed Pargi
  1847 | D:3      | Killed Pargi
  1848 | D:3      | Reached skill level 5 in Shields
  1848 | D:3      | Reached XP level 6. HP: 39/48 MP: 6/6
  2453 | D:4      | Noticed an ogre
  2465 | D:4      | Killed an ogre
  2660 | D:4      | Reached skill level 5 in Armour
  2660 | D:4      | Reached XP level 7. HP: 41/54 MP: 7/7
  2768 | D:4      | Found a snail-covered altar of Cheibriados.
  2814 | D:4      | Found a hide-covered altar of Uskayaw.
  2818 | D:4      | Found a shimmering altar of Xom.
  2846 | D:4      | Reached skill level 5 in Axes
  3279 | D:5      | Entered Level 5 of the Dungeon
  3291 | D:5      | Noticed Edmund
  3305 | D:5      | HP: 1/55 [poisoned by a scorpion]
  3305 | D:5      | Mangled by Edmund

Illustrated notes

Levels and vault maps discovered:
D:1:      onia_arrival_zoo_common, layout_loops_ring
D:2:      layout_basic, basic_altar, minmay_parallelograms, uniq_terence
D:3:      layout_loops_ring, hellmonk_ghost_happy_afterlife, serial_shops,
          nicolae_shop_rolled_up, shop, shop, roderic_serpentine_path,
          minmay_misc_feat_five, minmay_misc_feat_cross, uniq_pargi, uniq_ijyb
D:4:      layout_basic, cheibriados_altar_1, mainiacjoe_overflow_catwalk_spiral,
          minmay_diced_spiral
D:5:      layout_gridville, minmay_crystal_water, uniq_edmund

Skill      XL: |  1  2  3  4  5  6  7 |
---------------+----------------------+-----
Axes           | 3 4 5 |  5.3
Armour         | 4 5 |  5.2
Fighting       | 4 |  4.5
Shields        | 5 |  5.5

Action                     |  1- 3 |  4- 6 |  7- 9 || total
---------------------------+-------+-------+-------++-------
  Melee: War axe           |    91 |    68 |    53 ||   212
    Use: Scroll            |     5 |     2 |     1 ||     8
 Armour: Scale mail        |    26 |       |       ||    26
         Chain mail        |    17 |    51 |    31 ||    99
  Dodge: Dodged            |    36 |    33 |    27 ||    96
  Block: Buckler           |    23 |    31 |    17 ||    71
